Icehogs vs Punishers

Created - June 21, 2022 at 21:05

Goals
1 2 3 T
Icehogs 4 3 0 7
Punishers 1 1 1 3
Shots
1 2 3 T
Icehogs 13 12 9 34
Punishers 10 15 9 34

1st period

1. Icehogs , Frederik Gauthier 37 (Craig Cunningham 39) at 2:37
2. Icehogs , Kevin Fiala 14 (Tanner Richard 37, Andrew Mangiapane 23) at 5:51
3. Icehogs , Tanner Richard 29 (Kevin Fiala 22) at 6:26
4. Punishers , Carter Ashton 36 (John Quenneville 26) at 14:14
5. Icehogs , Tanner Richard 30 (Mikhail Grigorenko 24) at 14:47

Penalties :
No Penalty

2nd period

6. Icehogs , Michael Chaput 18 (Andrew Mangiapane 24, Curtis Lazar 39) at 7:16
7. Icehogs , Michael Chaput 19 (Curtis Lazar 40, Andrew Mangiapane 25) at 7:30
8. Icehogs , Tanner Richard 31 (Mikhail Grigorenko 25) at 7:46
9. Punishers , John Hayden 1 (Artem Zub 37, Daniel Audette 7) at 12:43

Penalties :
Mattias Janmark (Roc) for Tripping (Minor) at 10:09, Kevin Fiala (Roc) for Holding (Minor) at 19:15

3rd period

10. Punishers , John Hayden 2 (Radek Faksa 59, Michael Joly 6) at 17:50

Penalties :
Nick Mattson (Roc) for Hooking (Minor) at 1:44, Oskar Lindblom (Pro) for Hooking (Minor) at 7:34, Mike Reilly (Roc) for Tripping (Minor) at 11:56

Goalie Stats

Joe Cannata (Roc), 31 saves from 34 shots - (0.912), W, 34-22-4, 60:00 minutes
Daniel Altshuller (Pro), 6 saves from 10 shots - (0.600), L, 8-10-1, 14:47 minutes
Louis Domingue (Pro), 21 saves from 24 shots - (0.875), 45:13 minutes

Players Stats for Icehogs

Player Name              G  A  P  +/- PIM S  H  SB GA TA FO     MP     PP MP  PK MP  
------------------------------------------------------------------------------------
Andrew Mangiapane        0  3  3   1  0   4  3  2  0  0  0/0    17:56   0:55   2:43 
Ben Harpur               0  0  0   5  0   0  1  4  1  1  0/0    29:39   1:03   5:02 
Craig Cunningham         0  1  1   1  0   1  5  1  2  0  1/1    23:05   1:04   4:49 
Curtis Lazar             0  2  2   1  0   2  0  0  0  1  0/0    14:43   0:55   0:00 
Dillon Dube              0  0  0  -1  0   1  1  1  0  0  1/2     8:06   0:00   0:00 
Frederik Gauthier        1  0  1   1  0   6  0  1  0  1  12/17  23:03   1:04   4:54 
Julius Honka             0  0  0   0  0   0  3  0  0  1  0/0    11:11   0:00   0:27 
Kevin Fiala              1  1  2   3  2   3  0  0  0  0  0/0    10:16   0:00   0:00 
Mattias Janmark          0  0  0  -1  2   1  0  0  0  0  0/1     8:57   0:00   0:07 
Michael Chaput           2  0  2   1  0   6  0  0  0  0  13/26  17:20   0:55   1:58 
Mike Amadio              0  0  0   1  0   1  0  1  0  1  0/0    18:09   1:04   0:00 
Mike Reilly              0  0  0  -1  2   1  1  1  0  0  0/0    19:12   0:56   2:18 
Mikhail Grigorenko       0  2  2   3  0   1  0  0  2  0  0/1    10:05   0:00   0:00 
Nick Mattson             0  0  0  -1  2   1  1  1  0  1  0/0    19:18   0:56   2:18 
Nikita Scherbak          0  0  0  -1  0   0  0  0  0  0  0/0     8:13   0:00   0:00 
Patrick Sieloff          0  0  0   0  0   2  1  3  0  0  0/0    11:35   0:00   1:15 
Petter Granberg          0  0  0   5  0   1  3  3  0  1  0/0    29:18   1:03   4:32 
Tanner Richard           3  1  4   3  0   3  3  0  0  0  3/8    11:54   0:00   1:21 

Players Stats for Punishers

Player Name              G  A  P  +/- PIM S  H  SB GA TA FO     MP     PP MP  PK MP  
------------------------------------------------------------------------------------
Alex Petrovic            0  0  0  -2  0   1  0  0  1  1  0/0    28:25   4:57   1:18 
Alexander Nylander       0  0  0   1  0   0  0  0  0  0  0/0     1:14   0:00   0:00 
Anton Blidh              0  0  0  -3  0   3  1  0  0  0  0/0    11:57   0:00   0:00 
Artem Zub                0  1  1  -2  0   1  0  1  0  0  0/0    19:48   2:59   0:41 
Austen Brassard          0  0  0  -3  0   2  1  0  1  0  0/0    12:50   0:00   0:00 
Beck Malenstyn           0  0  0   2  0   0  1  0  0  0  0/0     7:15   0:00   0:00 
Brett Kulak              0  0  0  -2  0   1  1  4  0  1  0/0    28:25   4:57   1:18 
Carter Ashton            1  0  1  -2  0   2  0  0  0  0  0/1    18:16   3:32   0:28 
Corey Tropp              0  0  0  -1  0   4  3  2  1  0  0/4    23:24   4:24   1:31 
Daniel Audette           0  1  1  -3  0   4  0  0  0  0  6/10   11:51   0:00   0:00 
Fredrik Claesson         0  0  0   0  0   0  0  0  0  1  0/0    11:04   0:00   0:00 
John Hayden              2  0  2   2  0   3  0  0  0  0  1/2     7:27   0:00   0:00 
John Quenneville         0  1  1  -2  0   4  2  0  2  0  11/22  17:46   3:32   0:00 
Michael Joly             0  1  1   1  0   1  0  0  0  1  0/0    14:30   0:00   0:00 
Noah Juulsen             0  0  0  -2  0   0  1  1  0  0  0/0    19:48   2:59   0:41 
Oskar Lindblom           0  0  0  -2  2   2  2  0  1  1  0/0    18:15   3:32   0:00 
Phillip Danault          0  0  0  -1  0   0  2  2  0  0  0/1    22:12   4:24   0:28 
Radek Faksa              0  1  1  -1  0   6  0  0  1  0  8/16   23:11   4:24   1:31 

3 Stars

1 - Tanner Richard (Roc)
2 - Michael Chaput (Roc)
3 - Andrew Mangiapane (Roc)

Power Play

Icehogs - 0 on 1 Attempt(s) - 0.00%
Punishers - 0 on 4 Attempt(s) - 0.00%

Penalty Kill

Icehogs - 4 on 4 Attempt(s) - 100.00% - Score 0 goal in Penalty Kill
Punishers - 1 on 1 Attempt(s) - 100.00% - Score 0 goal in Penalty Kill

Team Stat

Icehogs - Hits : 22 - Faceoff Wins : 30 - Blocked Shots : 18 - Penalty Minutes : 8
Punishers - Hits : 14 - Faceoff Wins : 26 - Blocked Shots : 10 - Penalty Minutes : 2

Official

Referees : Corey Syvret and Kyle Rehman
Linesman : Michel Cormier and Ryan Gibbons

Game Notes

Louis Domingue enters game at 14:47 of 1st period
Tanner Richard has scored a Hat Trick!

Finance

Level 1 -- Attendance: 1223 (61.15%) -- Ticket Income $48,920
Level 2 -- Attendance: 552 (55.20%) -- Ticket Income $11,040
Total Attendance: 1775 (59.17%)
Total Ticket Income: $59,960
Other Income: $2,998
Total Income: $62,958

Icehogs

5 vs 5 Forward 
   Center                   Left Wing                Right Wing               Time % Phy DF OF 
 1 Frederik Gauthier        Craig Cunningham         Mike Amadio              40     1   2  2  
 2 Michael Chaput           Andrew Mangiapane        Curtis Lazar             30     1   2  2  
 3 Tanner Richard           Mikhail Grigorenko       Kevin Fiala              20     1   2  2  
 4 Dillon Dube              Mattias Janmark          Nikita Scherbak          10     1   2  2  

5 vs 5 Defense 
   Defense                  Defense                                           Time % Phy DF OF 
 1 Petter Granberg          Ben Harpur                                        40     1   2  2  
 2 Nick Mattson             Mike Reilly                                       30     1   2  2  
 3 Patrick Sieloff          Julius Honka                                      20     1   2  2  
 4 Petter Granberg          Ben Harpur                                        10     1   2  2  

PowerPlay Forward 
   Center                   Left Wing                Right Wing               Time % Phy DF OF 
 1 Frederik Gauthier        Craig Cunningham         Mike Amadio              60     1   2  2  
 2 Michael Chaput           Andrew Mangiapane        Curtis Lazar             40     1   2  2  

PowerPlay Defense
   Defense                  Defense                                           Time % Phy DF OF 
 1 Petter Granberg          Ben Harpur                                        60     1   2  2  
 2 Nick Mattson             Mike Reilly                                       40     1   2  2  

Penalty Kill 4 Players Forward 
   Center                   Wing                     Time % Phy DF OF 
 1 Frederik Gauthier        Craig Cunningham         60     1   2  2  
 2 Michael Chaput           Andrew Mangiapane        40     1   2  2  

Penalty Kill 4 Players Defense
   Defense                  Defense                  Time % Phy DF OF 
 1 Petter Granberg          Ben Harpur               60     1   2  2  
 2 Nick Mattson             Mike Reilly              40     1   2  2  

Penalty Kill - 3 Players Forward 
   Forward                                           Time % Phy DF OF 
 1 Frederik Gauthier                                 60     1   2  2  
 2 Michael Chaput                                    40     1   2  2  

Penalty Kill - 3 Players Defense
   Defense                  Defense                  Time % Phy DF OF 
 1 Petter Granberg          Ben Harpur               60     1   2  2  
 2 Nick Mattson             Mike Reilly              40     1   2  2  

4 vs 4 Forward 
   Center                   Wing                     Time % Phy DF OF 
 1 Frederik Gauthier        Craig Cunningham         60     1   2  2  
 2 Michael Chaput           Andrew Mangiapane        40     1   2  2  

4 vs 4 Defense
   Defense                  Defense                  Time % Phy DF OF 
 1 Petter Granberg          Ben Harpur               60     1   2  2  
 2 Nick Mattson             Mike Reilly              40     1   2  2  

Last Minutes Offensive
   Center                   Left Wing                Right Wing               Defense                  Defense                  
   Frederik Gauthier        Craig Cunningham         Mike Amadio              Petter Granberg          Ben Harpur               

Last Minutes Defensive
   Center                   Left Wing                Right Wing               Defense                  Defense                  
   Frederik Gauthier        Craig Cunningham         Mike Amadio              Petter Granberg          Ben Harpur               

Goaltenders
Starting : Joe Cannata              
Backup : Mackenzie Blackwood      

Extra Forwards
Normal : Tanner Richard, Andrew Mangiapane, Curtis Lazar - PP : Tanner Richard, Andrew Mangiapane - PK : Tanner Richard
Extra Defensemen
Normal : Mike Reilly, Patrick Sieloff, Julius Honka - PP : Mike Reilly - PK : Mike Reilly, Patrick Sieloff
Penalty Shots
Frederik Gauthier, Mike Amadio, Craig Cunningham, Michael Chaput, Tanner Richard

Scratches
Calle Andersson (Healthy), Clark Bishop (Healthy), Duncan Siemens (Healthy), JJ. Piccinich (Healthy), Kurtis Gabriel (Healthy)
Myles Bell (Healthy), Nick Paul (Healthy), Patrick Russell (Healthy), Ross Johnston (Healthy), Zach Whitecloud (Healthy)
Jeremy Davies (Healthy), Jackson Cates (Healthy), Michael Giugovaz (Healthy), Jack LaFontaine (Healthy)

Punishers

5 vs 5 Forward 
   Center                   Left Wing                Right Wing               Time % Phy DF OF 
 1 Radek Faksa              Phillip Danault          Corey Tropp              40     1   2  2  
 2 John Quenneville         Oskar Lindblom           Carter Ashton            30     1   2  2  
 3 Daniel Audette           Anton Blidh              Austen Brassard          20     1   2  2  
 4 John Hayden              Beck Malenstyn           Michael Joly             10     1   2  2  

5 vs 5 Defense 
   Defense                  Defense                                           Time % Phy DF OF 
 1 Alex Petrovic            Brett Kulak                                       40     1   2  2  
 2 Artem Zub                Noah Juulsen                                      30     1   2  2  
 3 Fredrik Claesson         Michael Joly                                      20     1   2  2  
 4 Alex Petrovic            Brett Kulak                                       10     1   2  2  

PowerPlay Forward 
   Center                   Left Wing                Right Wing               Time % Phy DF OF 
 1 Radek Faksa              Phillip Danault          Corey Tropp              60     1   2  2  
 2 John Quenneville         Oskar Lindblom           Carter Ashton            40     1   2  2  

PowerPlay Defense
   Defense                  Defense                                           Time % Phy DF OF 
 1 Alex Petrovic            Brett Kulak                                       60     1   2  2  
 2 Artem Zub                Noah Juulsen                                      40     1   2  2  

Penalty Kill 4 Players Forward 
   Center                   Wing                     Time % Phy DF OF 
 1 Corey Tropp              Radek Faksa              60     1   2  2  
 2 Carter Ashton            Phillip Danault          40     1   2  2  

Penalty Kill 4 Players Defense
   Defense                  Defense                  Time % Phy DF OF 
 1 Alex Petrovic            Brett Kulak              60     1   2  2  
 2 Artem Zub                Noah Juulsen             40     1   2  2  

Penalty Kill - 3 Players Forward 
   Forward                                           Time % Phy DF OF 
 1 Corey Tropp                                       60     1   2  2  
 2 Radek Faksa                                       40     1   2  2  

Penalty Kill - 3 Players Defense
   Defense                  Defense                  Time % Phy DF OF 
 1 Alex Petrovic            Brett Kulak              60     1   2  2  
 2 Artem Zub                Noah Juulsen             40     1   2  2  

4 vs 4 Forward 
   Center                   Wing                     Time % Phy DF OF 
 1 Corey Tropp              Radek Faksa              60     1   2  2  
 2 Carter Ashton            Phillip Danault          40     1   2  2  

4 vs 4 Defense
   Defense                  Defense                  Time % Phy DF OF 
 1 Alex Petrovic            Brett Kulak              60     1   2  2  
 2 Artem Zub                Noah Juulsen             40     1   2  2  

Last Minutes Offensive
   Center                   Left Wing                Right Wing               Defense                  Defense                  
   Radek Faksa              Phillip Danault          Corey Tropp              Alex Petrovic            Brett Kulak              

Last Minutes Defensive
   Center                   Left Wing                Right Wing               Defense                  Defense                  
   Radek Faksa              Phillip Danault          Corey Tropp              Alex Petrovic            Brett Kulak              

Goaltenders
Starting : Daniel Altshuller        
Backup : Louis Domingue           

Extra Forwards
Normal : Oskar Lindblom, Radek Faksa, Phillip Danault - PP : Oskar Lindblom, Corey Tropp - PK : Phillip Danault
Extra Defensemen
Normal : Fredrik Claesson, Artem Zub, Noah Juulsen - PP : Fredrik Claesson - PK : Artem Zub, Noah Juulsen
Penalty Shots
Corey Tropp, Radek Faksa, Carter Ashton, Phillip Danault, John Quenneville

Scratches
Alex Schoenborn (Healthy), Austin Wagner (Healthy), Ben Betker (Healthy), Connor Clifton (Lower Body Injury), Gabriel Gagne (Healthy)
Nicolas Roy (Healthy), Niko Mikkola (Healthy), Zack Hamill (Bruised Left Arm Injury), Connor Ingram (Healthy)

% Time on Ice - Icehogs

Lines # - Real PCT - Wanted PCT - Time Play
Normal Forward
1 - 36% - 40% - 18:04
2 - 28% - 30% - 13:51
3 - 20% - 20% - 10:04
4 - 16% - 10% - 8:06
Normal Defense
1 - 41% - 40% - 20:21
2 - 31% - 30% - 15:46
3 - 21% - 20% - 10:42
4 - 7% - 10% - 3:16
PP Forward
1 - 54% - 60% - 1:04
2 - 46% - 40% - 0:55
PP Defense
1 - 53% - 60% - 1:03
2 - 47% - 40% - 0:56
PK Forward
1 - 75% - 60% - 5:59
2 - 25% - 40% - 1:57
PK Defense
1 - 57% - 60% - 4:32
2 - 43% - 40% - 3:24
PK3 Forward
1 - 0% - 60%
2 - 0% - 40%
PK3 Defense
1 - 0% - 60%
2 - 0% - 40%
44 Forward
1 - 0% - 60%
2 - 0% - 40%
44 Defense
1 - 0% - 60%
2 - 0% - 40%
Last Minute Offensive  - 0:00
Last Minute Defensive  - 0:00
Total
Forward - 60:00
Defense - 60:00

% Time on Ice - Punishers

Lines # - Real PCT - Wanted PCT - Time Play
Normal Forward
1 - 34% - 40% - 17:16
2 - 28% - 30% - 14:07
3 - 23% - 20% - 11:39
4 - 14% - 10% - 7:03
Normal Defense
1 - 37% - 40% - 18:32
2 - 33% - 30% - 16:18
3 - 23% - 20% - 11:21
4 - 8% - 10% - 3:54
PP Forward
1 - 55% - 60% - 4:24
2 - 45% - 40% - 3:32
PP Defense
1 - 62% - 60% - 4:57
2 - 38% - 40% - 2:59
PK Forward
1 - 76% - 60% - 1:31
2 - 24% - 40% - 0:28
PK Defense
1 - 66% - 60% - 1:18
2 - 34% - 40% - 0:41
PK3 Forward
1 - 0% - 60%
2 - 0% - 40%
PK3 Defense
1 - 0% - 60%
2 - 0% - 40%
44 Forward
1 - 0% - 60%
2 - 0% - 40%
44 Defense
1 - 0% - 60%
2 - 0% - 40%
Last Minute Offensive  - 0:00
Last Minute Defensive  - 0:00
Total
Forward - 60:00
Defense - 60:00

Play-by-Play

1st period


0:01 of 1st period - Frederik Gauthier wins face-off versus Phillip Danault in neutral zone.
0:08 of 1st period - Slapshot by Frederik Gauthier.
0:08 of 1st period - Deflect By Alex Petrovic.
0:08 of 1st period - Shot Blocked by Corey Tropp.
0:08 of 1st period - Puck is out of play.
0:09 of 1st period - Frederik Gauthier wins face-off versus Radek Faksa in Punishers zone.
0:20 of 1st period - Ben Harpur is hit by Corey Tropp and loses puck.
0:29 of 1st period - Snap shot by Corey Tropp.
0:29 of 1st period - Stopped by Joe Cannata with a rebound.
1:06 of 1st period - Slapshot by Ben Harpur.
1:06 of 1st period - Shot Misses the Net.
2:00 of 1st period - Brett Kulak is hit by Craig Cunningham and loses puck.
2:37 of 1st period - Snap shot by Frederik Gauthier.
2:37 of 1st period - Goal by Frederik Gauthier - Icehogs : 1 - Punishers : 0.
2:38 of 1st period - John Quenneville wins face-off versus Michael Chaput in neutral zone.
2:46 of 1st period - John Quenneville is hit by Mike Reilly and loses puck.
3:03 of 1st period - Mike Reilly is hit by Anton Blidh and loses puck.
4:38 of 1st period - Fredrik Claesson is hit by Andrew Mangiapane.
5:02 of 1st period - Mike Reilly is hit by Austen Brassard and loses puck.
5:15 of 1st period - Snap shot by Mikhail Grigorenko.
5:15 of 1st period - Deflect By Kevin Fiala.
5:15 of 1st period - Shot Misses the Net.
5:15 of 1st period - Puck is out of play.
5:16 of 1st period - John Quenneville wins face-off versus Tanner Richard in Punishers zone.
5:19 of 1st period - Snap shot by Tanner Richard.
5:19 of 1st period - Shot Blocked by Noah Juulsen.
5:21 of 1st period - Slapshot by Patrick Sieloff.
5:21 of 1st period - Deflect By Mikhail Grigorenko.
5:21 of 1st period - Stopped by Daniel Altshuller with a rebound.
5:23 of 1st period - Snap shot by Kevin Fiala.
5:23 of 1st period - Stopped by Daniel Altshuller without a rebound.
5:24 of 1st period - Michael Chaput wins face-off versus Daniel Audette in Punishers zone.
5:51 of 1st period - Snap shot by Tanner Richard.
5:51 of 1st period - Deflect By Kevin Fiala.
5:51 of 1st period - Goal by Kevin Fiala - Icehogs : 2 - Punishers : 0.
5:52 of 1st period - Michael Chaput wins face-off versus John Quenneville in neutral zone.
6:24 of 1st period - Snap shot by Kevin Fiala.
6:24 of 1st period - Stopped by Daniel Altshuller with a rebound.
6:26 of 1st period - Wrist shot by Tanner Richard.
6:26 of 1st period - Goal by Tanner Richard - Icehogs : 3 - Punishers : 0.
6:27 of 1st period - Michael Chaput wins face-off versus John Quenneville in neutral zone.
6:52 of 1st period - Corey Tropp is hit by Craig Cunningham and loses puck.
6:56 of 1st period - Icing by Noah Juulsen.
6:57 of 1st period - Radek Faksa wins face-off versus Frederik Gauthier in Punishers zone.
7:16 of 1st period - Wrist shot by Radek Faksa.
7:16 of 1st period - Shot Misses the Net.
7:24 of 1st period - Phillip Danault is hit by Petter Granberg and loses puck.
7:33 of 1st period - Snap shot by Frederik Gauthier.
7:33 of 1st period - Stopped by Daniel Altshuller with a rebound.
7:37 of 1st period - Slapshot by Frederik Gauthier.
7:37 of 1st period - Shot Misses the Net.
7:39 of 1st period - Slapshot by Petter Granberg.
7:39 of 1st period - Shot Blocked by Brett Kulak.
7:45 of 1st period - Snap shot by Frederik Gauthier.
7:45 of 1st period - Stopped by Daniel Altshuller with a rebound.
7:47 of 1st period - Snap shot by Mike Amadio.
7:47 of 1st period - Shot Blocked by Phillip Danault.
9:55 of 1st period - Slapshot by Radek Faksa.
9:55 of 1st period - Stopped by Joe Cannata with a rebound.
10:39 of 1st period - Wrist shot by Radek Faksa.
10:39 of 1st period - Stopped by Joe Cannata with a rebound.
10:57 of 1st period - Snap shot by Radek Faksa.
10:57 of 1st period - Stopped by Joe Cannata with a rebound.
12:02 of 1st period - Brett Kulak is hit by Petter Granberg and loses puck.
12:21 of 1st period - Corey Tropp is hit by Ben Harpur.
12:29 of 1st period - Slapshot by Corey Tropp.
12:29 of 1st period - Shot Blocked by Craig Cunningham.
12:46 of 1st period - Snap shot by Corey Tropp.
12:46 of 1st period - Shot Blocked by Frederik Gauthier.
13:08 of 1st period - Snap shot by Radek Faksa.
13:08 of 1st period - Stopped by Joe Cannata with a rebound.
13:27 of 1st period - Snap shot by Corey Tropp.
13:27 of 1st period - Shot Blocked by Mike Amadio.
13:51 of 1st period - Wrist shot by Frederik Gauthier.
13:51 of 1st period - Stopped by Daniel Altshuller with a rebound.
14:04 of 1st period - Off-side.
14:05 of 1st period - John Quenneville wins face-off versus Michael Chaput in neutral zone.
14:12 of 1st period - Wrist shot by John Quenneville.
14:12 of 1st period - Stopped by Joe Cannata with a rebound.
14:14 of 1st period - Backhand shot by Carter Ashton.
14:14 of 1st period - Goal by Carter Ashton - Icehogs : 3 - Punishers : 1.
14:15 of 1st period - John Quenneville wins face-off versus Michael Chaput in neutral zone.
14:47 of 1st period - Wrist shot by Tanner Richard.
14:47 of 1st period - Goal by Tanner Richard - Icehogs : 4 - Punishers : 1.
14:47 of 1st period - Louis Domingue enters game.
14:48 of 1st period - Michael Chaput wins face-off versus John Quenneville in neutral zone.
14:57 of 1st period - Wrist shot by Andrew Mangiapane.
14:57 of 1st period - Stopped by Louis Domingue without a rebound.
14:58 of 1st period - Michael Chaput wins face-off versus John Quenneville in Punishers zone.
15:22 of 1st period - John Quenneville is hit by Andrew Mangiapane and loses puck.
15:30 of 1st period - Snap shot by John Quenneville.
15:30 of 1st period - Shot Blocked by Mike Reilly.
15:32 of 1st period - Snap shot by Carter Ashton.
15:32 of 1st period - Shot Misses the Net.
15:34 of 1st period - Snap shot by Carter Ashton.
15:34 of 1st period - Stopped by Joe Cannata with a rebound.
16:08 of 1st period - Nick Mattson is hit by John Quenneville and loses puck.
16:33 of 1st period - Snap shot by John Quenneville.
16:33 of 1st period - Deflect By Michael Chaput.
16:33 of 1st period - Shot Misses the Net.
16:33 of 1st period - Puck is out of play.
16:34 of 1st period - Daniel Audette wins face-off versus Tanner Richard in Icehogs zone.
16:35 of 1st period - Backhand shot by Austen Brassard.
16:35 of 1st period - Shot Blocked by Patrick Sieloff.
16:37 of 1st period - Slapshot by Daniel Audette.
16:37 of 1st period - Shot Blocked by Patrick Sieloff.
16:39 of 1st period - Slapshot by Artem Zub.
16:39 of 1st period - Stopped by Joe Cannata without a rebound.
16:40 of 1st period - Tanner Richard wins face-off versus Daniel Audette in Icehogs zone.
16:45 of 1st period - Snap shot by Austen Brassard.
16:45 of 1st period - Deflect By Anton Blidh.
16:45 of 1st period - Stopped by Joe Cannata with a rebound.
16:47 of 1st period - Slapshot by Artem Zub.
16:47 of 1st period - Shot Misses the Net.
17:11 of 1st period - Slapshot by Dillon Dube.
17:11 of 1st period - Stopped by Louis Domingue with a rebound.
17:13 of 1st period - Slapshot by Patrick Sieloff.
17:13 of 1st period - Stopped by Louis Domingue without a rebound.
17:14 of 1st period - Dillon Dube wins face-off versus Daniel Audette in Punishers zone.
17:21 of 1st period - Artem Zub is hit by Patrick Sieloff.
17:30 of 1st period - Anton Blidh is hit by Dillon Dube and loses puck.
17:41 of 1st period - Julius Honka is hit by Beck Malenstyn and loses puck.
18:40 of 1st period - Noah Juulsen is hit by Julius Honka and loses puck.
Goals for this period are 4 for Icehogs vs 1 for Punishers.
Shots for this period are 13 for Icehogs vs 10 for Punishers.

2nd period


0:01 of 2nd period - John Quenneville wins face-off versus Michael Chaput in neutral zone.
0:06 of 2nd period - Snap shot by John Quenneville.
0:06 of 2nd period - Stopped by Joe Cannata without a rebound.
0:07 of 2nd period - Michael Chaput wins face-off versus John Quenneville in Icehogs zone.
0:18 of 2nd period - Slapshot by Michael Chaput.
0:18 of 2nd period - Deflect By Andrew Mangiapane.
0:18 of 2nd period - Stopped by Louis Domingue without a rebound.
0:19 of 2nd period - Daniel Audette wins face-off versus Michael Chaput in Punishers zone.
1:09 of 2nd period - Snap shot by Austen Brassard.
1:09 of 2nd period - Stopped by Joe Cannata with a rebound.
1:21 of 2nd period - Austen Brassard is hit by Tanner Richard and loses puck.
2:00 of 2nd period - Snap shot by Mike Amadio.
2:00 of 2nd period - Shot Misses the Net.
2:02 of 2nd period - Slapshot by Frederik Gauthier.
2:02 of 2nd period - Stopped by Louis Domingue with a rebound.
2:04 of 2nd period - Slapshot by Mike Amadio.
2:04 of 2nd period - Shot Misses the Net.
2:20 of 2nd period - Slapshot by Mattias Janmark.
2:20 of 2nd period - Deflect By Nikita Scherbak.
2:20 of 2nd period - Shot Blocked by Artem Zub.
2:20 of 2nd period - Puck is out of play.
2:21 of 2nd period - Michael Chaput wins face-off versus John Quenneville in Punishers zone.
2:24 of 2nd period - Slapshot by Curtis Lazar.
2:24 of 2nd period - Shot Misses the Net.
3:34 of 2nd period - Wrist shot by Craig Cunningham.
3:34 of 2nd period - Stopped by Louis Domingue with a rebound.
3:54 of 2nd period - Snap shot by Corey Tropp.
3:54 of 2nd period - Stopped by Joe Cannata without a rebound.
3:55 of 2nd period - John Quenneville wins face-off versus Mikhail Grigorenko in Icehogs zone.
4:43 of 2nd period - Slapshot by Radek Faksa.
4:43 of 2nd period - Deflect By Mattias Janmark.
4:43 of 2nd period - Shot Blocked by Nick Mattson.
4:43 of 2nd period - Puck is out of play.
4:44 of 2nd period - Radek Faksa wins face-off versus Dillon Dube in Icehogs zone.
4:49 of 2nd period - Slapshot by Radek Faksa.
4:49 of 2nd period - Shot Misses the Net.
5:19 of 2nd period - Backhand shot by Andrew Mangiapane.
5:19 of 2nd period - Stopped by Louis Domingue with a rebound.
5:21 of 2nd period - Slapshot by Nick Mattson.
5:21 of 2nd period - Shot Blocked by Brett Kulak.
5:59 of 2nd period - Ben Harpur is hit by Brett Kulak.
6:17 of 2nd period - Backhand shot by Corey Tropp.
6:17 of 2nd period - Shot Misses the Net.
6:35 of 2nd period - Wrist shot by Corey Tropp.
6:35 of 2nd period - Shot Misses the Net.
6:37 of 2nd period - Slapshot by Brett Kulak.
6:37 of 2nd period - Stopped by Joe Cannata without a rebound.
6:38 of 2nd period - Tanner Richard wins face-off versus John Quenneville in Icehogs zone.
6:56 of 2nd period - Wrist shot by Oskar Lindblom.
6:56 of 2nd period - Stopped by Joe Cannata without a rebound.
6:57 of 2nd period - Daniel Audette wins face-off versus Michael Chaput in Icehogs zone.
7:06 of 2nd period - Wrist shot by Austen Brassard.
7:06 of 2nd period - Stopped by Joe Cannata without a rebound.
7:07 of 2nd period - Daniel Audette wins face-off versus Michael Chaput in Icehogs zone.
7:08 of 2nd period - Wrist shot by Austen Brassard.
7:08 of 2nd period - Shot Blocked by Petter Granberg.
7:16 of 2nd period - Backhand shot by Michael Chaput.
7:16 of 2nd period - Goal by Michael Chaput - Icehogs : 5 - Punishers : 1.
7:17 of 2nd period - Michael Chaput wins face-off versus John Quenneville in neutral zone.
7:22 of 2nd period - Snap shot by Michael Chaput.
7:22 of 2nd period - Stopped by Louis Domingue with a rebound.
7:24 of 2nd period - Snap shot by Michael Chaput.
7:24 of 2nd period - Shot Misses the Net.
7:30 of 2nd period - Slapshot by Michael Chaput.
7:30 of 2nd period - Goal by Michael Chaput - Icehogs : 6 - Punishers : 1.
7:31 of 2nd period - John Quenneville wins face-off versus Tanner Richard in neutral zone.
7:46 of 2nd period - Wrist shot by Tanner Richard.
7:46 of 2nd period - Goal by Tanner Richard - Icehogs : 7 - Punishers : 1.
7:47 of 2nd period - Michael Chaput wins face-off versus John Quenneville in neutral zone.
7:56 of 2nd period - Icing by Nick Mattson.
7:57 of 2nd period - John Quenneville wins face-off versus Michael Chaput in Icehogs zone.
8:04 of 2nd period - Wrist shot by Carter Ashton.
8:04 of 2nd period - Shot Misses the Net.
8:06 of 2nd period - Wrist shot by John Quenneville.
8:06 of 2nd period - Stopped by Joe Cannata with a rebound.
8:08 of 2nd period - Wrist shot by Oskar Lindblom.
8:08 of 2nd period - Stopped by Joe Cannata without a rebound.
8:09 of 2nd period - John Quenneville wins face-off versus Tanner Richard in Icehogs zone.
8:34 of 2nd period - Noah Juulsen is hit by Petter Granberg and loses puck.
9:01 of 2nd period - Oskar Lindblom is hit by Craig Cunningham and loses puck.
10:09 of 2nd period - Minor Penalty to Mattias Janmark for Tripping.
10:10 of 2nd period - Frederik Gauthier wins face-off versus Corey Tropp in Icehogs zone.
10:49 of 2nd period - Snap shot by John Quenneville.
10:49 of 2nd period - Deflect By Oskar Lindblom.
10:49 of 2nd period - Shot Blocked by Andrew Mangiapane.
10:49 of 2nd period - Puck is out of play.
10:50 of 2nd period - Radek Faksa wins face-off versus Michael Chaput in Icehogs zone.
10:59 of 2nd period - Wrist shot by Corey Tropp.
10:59 of 2nd period - Shot Blocked by Ben Harpur.
11:01 of 2nd period - Wrist shot by Corey Tropp.
11:01 of 2nd period - Stopped by Joe Cannata with a rebound.
11:03 of 2nd period - Snap shot by Radek Faksa.
11:03 of 2nd period - Stopped by Joe Cannata without a rebound.
11:04 of 2nd period - Radek Faksa wins face-off versus Frederik Gauthier in Icehogs zone.
12:09 of 2nd period - Penalty to Mattias Janmark is over, Mattias Janmark is back on ice.
12:43 of 2nd period - Snap shot by John Hayden.
12:43 of 2nd period - Goal by John Hayden - Icehogs : 7 - Punishers : 2.
12:44 of 2nd period - Radek Faksa wins face-off versus Michael Chaput in neutral zone.
12:51 of 2nd period - Wrist shot by Radek Faksa.
12:51 of 2nd period - Shot Misses the Net.
12:59 of 2nd period - Wrist shot by Corey Tropp.
12:59 of 2nd period - Stopped by Joe Cannata with a rebound.
13:43 of 2nd period - Snap shot by Daniel Audette.
13:43 of 2nd period - Shot Misses the Net.
13:45 of 2nd period - Snap shot by Anton Blidh.
13:45 of 2nd period - Shot Blocked by Petter Granberg.
13:47 of 2nd period - Snap shot by Daniel Audette.
13:47 of 2nd period - Stopped by Joe Cannata with a rebound.
13:49 of 2nd period - Wrist shot by Daniel Audette.
13:49 of 2nd period - Stopped by Joe Cannata without a rebound.
13:50 of 2nd period - Frederik Gauthier wins face-off versus John Quenneville in Icehogs zone.
15:07 of 2nd period - Slapshot by Michael Joly.
15:07 of 2nd period - Stopped by Joe Cannata without a rebound.
15:08 of 2nd period - Daniel Audette wins face-off versus Mattias Janmark in Icehogs zone.
15:11 of 2nd period - Wrist shot by Anton Blidh.
15:11 of 2nd period - Shot Blocked by Dillon Dube.
15:59 of 2nd period - Snap shot by Oskar Lindblom.
15:59 of 2nd period - Shot Misses the Net.
16:01 of 2nd period - Slapshot by Carter Ashton.
16:01 of 2nd period - Shot Blocked by Andrew Mangiapane.
16:15 of 2nd period - Artem Zub is hit by Tanner Richard and loses puck.
17:00 of 2nd period - Brett Kulak is hit by Julius Honka and loses puck.
17:17 of 2nd period - Slapshot by Patrick Sieloff.
17:17 of 2nd period - Stopped by Louis Domingue with a rebound.
17:25 of 2nd period - Snap shot by Michael Chaput.
17:25 of 2nd period - Shot Misses the Net.
17:27 of 2nd period - Wrist shot by Michael Chaput.
17:27 of 2nd period - Stopped by Louis Domingue with a rebound.
17:29 of 2nd period - Slapshot by Curtis Lazar.
17:29 of 2nd period - Stopped by Louis Domingue with a rebound.
17:41 of 2nd period - Snap shot by Mattias Janmark.
17:41 of 2nd period - Stopped by Louis Domingue with a rebound.
18:01 of 2nd period - Snap shot by Kevin Fiala.
18:01 of 2nd period - Shot Misses the Net.
18:21 of 2nd period - Snap shot by Frederik Gauthier.
18:21 of 2nd period - Shot Blocked by Corey Tropp.
19:01 of 2nd period - John Hayden is hit by Nick Mattson.
19:15 of 2nd period - Minor Penalty to Kevin Fiala for Holding.
19:16 of 2nd period - Frederik Gauthier wins face-off versus Radek Faksa in Icehogs zone.
Goals for this period are 3 for Icehogs vs 1 for Punishers.
Shots for this period are 12 for Icehogs vs 15 for Punishers.

3rd period


0:01 of 3rd period - Radek Faksa wins face-off versus Frederik Gauthier in neutral zone.
0:31 of 3rd period - Slapshot by Brett Kulak.
0:31 of 3rd period - Shot Hit the Post.
0:48 of 3rd period - Icing by Phillip Danault.
0:49 of 3rd period - Frederik Gauthier wins face-off versus Radek Faksa in Punishers zone.
1:15 of 3rd period - Penalty to Kevin Fiala is over, Kevin Fiala is back on ice.
1:16 of 3rd period - Snap shot by John Quenneville.
1:16 of 3rd period - Shot Misses the Net.
1:18 of 3rd period - Slapshot by Artem Zub.
1:18 of 3rd period - Shot Misses the Net.
1:28 of 3rd period - Backhand shot by Daniel Audette.
1:28 of 3rd period - Stopped by Joe Cannata with a rebound.
1:44 of 3rd period - Minor Penalty to Nick Mattson for Hooking.
1:45 of 3rd period - Frederik Gauthier wins face-off versus Radek Faksa in Icehogs zone.
1:50 of 3rd period - Frederik Gauthier is hit by Phillip Danault and loses puck.
1:55 of 3rd period - Snap shot by Radek Faksa.
1:55 of 3rd period - Stopped by Joe Cannata with a rebound.
1:57 of 3rd period - Snap shot by Corey Tropp.
1:57 of 3rd period - Shot Blocked by Ben Harpur.
2:01 of 3rd period - Snap shot by Corey Tropp.
2:01 of 3rd period - Shot Misses the Net.
3:44 of 3rd period - Penalty to Nick Mattson is over, Nick Mattson is back on ice.
4:08 of 3rd period - Julius Honka is hit by Noah Juulsen and loses puck.
4:16 of 3rd period - Icing by Julius Honka.
4:17 of 3rd period - John Hayden wins face-off versus Tanner Richard in Icehogs zone.
4:29 of 3rd period - Off-side.
4:30 of 3rd period - John Quenneville wins face-off versus Frederik Gauthier in neutral zone.
4:37 of 3rd period - Nick Mattson is hit by Oskar Lindblom and loses puck.
4:44 of 3rd period - John Quenneville is hit by Craig Cunningham and loses puck.
4:59 of 3rd period - Nick Mattson is hit by Corey Tropp and loses puck.
5:20 of 3rd period - Slapshot by Artem Zub.
5:20 of 3rd period - Shot Misses the Net.
5:22 of 3rd period - Wrist shot by John Hayden.
5:22 of 3rd period - Stopped by Joe Cannata without a rebound.
5:23 of 3rd period - Frederik Gauthier wins face-off versus John Hayden in Icehogs zone.
5:34 of 3rd period - Snap shot by Frederik Gauthier.
5:34 of 3rd period - Shot Misses the Net.
5:36 of 3rd period - Wrist shot by Mike Amadio.
5:36 of 3rd period - Shot Misses the Net.
5:38 of 3rd period - Slapshot by Craig Cunningham.
5:38 of 3rd period - Shot Misses the Net.
5:58 of 3rd period - Off-side.
5:59 of 3rd period - Radek Faksa wins face-off versus Michael Chaput in neutral zone.
6:08 of 3rd period - Backhand shot by Radek Faksa.
6:08 of 3rd period - Shot Blocked by Patrick Sieloff.
6:34 of 3rd period - Brett Kulak is hit by Craig Cunningham and loses puck.
6:55 of 3rd period - Snap shot by Anton Blidh.
6:55 of 3rd period - Stopped by Joe Cannata without a rebound.
6:56 of 3rd period - Frederik Gauthier wins face-off versus Radek Faksa in Icehogs zone.
7:03 of 3rd period - Slapshot by Ben Harpur.
7:03 of 3rd period - Shot Blocked by Phillip Danault.
7:11 of 3rd period - Wrist shot by Radek Faksa.
7:11 of 3rd period - Shot Blocked by Petter Granberg.
7:34 of 3rd period - Minor Penalty to Oskar Lindblom for Hooking.
7:35 of 3rd period - Frederik Gauthier wins face-off versus Corey Tropp in Punishers zone.
7:51 of 3rd period - Snap shot by Frederik Gauthier.
7:51 of 3rd period - Shot Blocked by Brett Kulak.
8:03 of 3rd period - Snap shot by Michael Chaput.
8:03 of 3rd period - Shot Blocked by Brett Kulak.
8:05 of 3rd period - Snap shot by Andrew Mangiapane.
8:05 of 3rd period - Stopped by Louis Domingue without a rebound.
8:06 of 3rd period - Michael Chaput wins face-off versus Corey Tropp in Punishers zone.
8:11 of 3rd period - Slapshot by Michael Chaput.
8:11 of 3rd period - Stopped by Louis Domingue with a rebound.
8:13 of 3rd period - Slapshot by Petter Granberg.
8:13 of 3rd period - Deflect By Artem Zub.
8:13 of 3rd period - Stopped by Louis Domingue without a rebound.
8:14 of 3rd period - Frederik Gauthier wins face-off versus Corey Tropp in Punishers zone.
8:52 of 3rd period - Wrist shot by Curtis Lazar.
8:52 of 3rd period - Stopped by Louis Domingue without a rebound.
8:53 of 3rd period - Michael Chaput wins face-off versus Carter Ashton in Punishers zone.
9:34 of 3rd period - Penalty to Oskar Lindblom is over, Oskar Lindblom is back on ice.
9:43 of 3rd period - Slapshot by Anton Blidh.
9:43 of 3rd period - Stopped by Joe Cannata without a rebound.
9:44 of 3rd period - Tanner Richard wins face-off versus Daniel Audette in Icehogs zone.
10:11 of 3rd period - Kevin Fiala is hit by Oskar Lindblom and loses puck.
10:18 of 3rd period - Snap shot by John Quenneville.
10:18 of 3rd period - Stopped by Joe Cannata without a rebound.
10:19 of 3rd period - Radek Faksa wins face-off versus Frederik Gauthier in Icehogs zone.
10:34 of 3rd period - Snap shot by Mike Reilly.
10:34 of 3rd period - Stopped by Louis Domingue without a rebound.
10:35 of 3rd period - John Quenneville wins face-off versus Michael Chaput in Punishers zone.
11:49 of 3rd period - Slapshot by Nick Mattson.
11:49 of 3rd period - Stopped by Louis Domingue with a rebound.
11:56 of 3rd period - Minor Penalty to Mike Reilly for Tripping.
11:57 of 3rd period - Craig Cunningham wins face-off versus Radek Faksa in Icehogs zone.
12:29 of 3rd period - Petter Granberg is hit by John Quenneville and loses puck.
13:56 of 3rd period - Penalty to Mike Reilly is over, Mike Reilly is back on ice.
15:54 of 3rd period - Mattias Janmark is hit by Corey Tropp and loses puck.
16:57 of 3rd period - Daniel Audette is hit by Tanner Richard and loses puck.
17:12 of 3rd period - Oskar Lindblom is hit by Julius Honka and loses puck.
17:31 of 3rd period - Michael Joly is hit by Andrew Mangiapane and loses puck.
17:42 of 3rd period - Slapshot by John Hayden.
17:42 of 3rd period - Shot Blocked by Ben Harpur.
17:44 of 3rd period - Wrist shot by John Hayden.
17:44 of 3rd period - Shot Misses the Net.
17:46 of 3rd period - Snap shot by John Hayden.
17:46 of 3rd period - Shot Blocked by Ben Harpur.
17:48 of 3rd period - Wrist shot by John Hayden.
17:48 of 3rd period - Shot Misses the Net.
17:50 of 3rd period - Slapshot by John Hayden.
17:50 of 3rd period - Goal by John Hayden - Icehogs : 7 - Punishers : 3.
17:51 of 3rd period - Frederik Gauthier wins face-off versus Radek Faksa in neutral zone.
18:06 of 3rd period - Wrist shot by Frederik Gauthier.
18:06 of 3rd period - Stopped by Louis Domingue with a rebound.
18:08 of 3rd period - Wrist shot by Mike Amadio.
18:08 of 3rd period - Stopped by Louis Domingue without a rebound.
18:09 of 3rd period - Michael Chaput wins face-off versus John Quenneville in Punishers zone.
18:58 of 3rd period - Slapshot by Alex Petrovic.
18:58 of 3rd period - Stopped by Joe Cannata without a rebound.
18:59 of 3rd period - Daniel Audette wins face-off versus Michael Chaput in Icehogs zone.
19:00 of 3rd period - Wrist shot by Anton Blidh.
19:00 of 3rd period - Shot Misses the Net.
19:02 of 3rd period - Snap shot by Daniel Audette.
19:02 of 3rd period - Shot Misses the Net.
19:04 of 3rd period - Wrist shot by Daniel Audette.
19:04 of 3rd period - Shot Misses the Net.
19:06 of 3rd period - Wrist shot by Austen Brassard.
19:06 of 3rd period - Deflect By Daniel Audette.
19:06 of 3rd period - Stopped by Joe Cannata without a rebound.
19:07 of 3rd period - Michael Chaput wins face-off versus Radek Faksa in Icehogs zone.
19:07 of 3rd period - Michael Chaput is hit by Phillip Danault.
19:15 of 3rd period - Wrist shot by Michael Chaput.
19:15 of 3rd period - Stopped by Louis Domingue with a rebound.
19:37 of 3rd period - Wrist shot by Frederik Gauthier.
19:37 of 3rd period - Shot Misses the Net.
Goals for this period are 0 for Icehogs vs 1 for Punishers.
Shots for this period are 9 for Icehogs vs 9 for Punishers.